AoeStats
← Ergoteur

Golden Pit

510175559Analyzed
1v1 RM · 2d ago on Sep 29, 2026· 38m 23s· 2 players
Game mode
Random Map
Map size
Tiny (2 player)
Population
200
Speed
Normal
Resources
Standard
Victory
Conquest
Starting age
Dark Age
Ending age
Imperial Age
RankedLock teamsTeams togetherTeam positionsShared explorationLock speedFull tech treeHidden civsTurbo modeCheats
Victory
Defeat
🇨🇦 Khmer · Canada
1013
+16
🇨🇳 Sicilians · China
1012
-16
apple
8:13 Loom
10:51 Feudal Age
11:15 Horse Collar
11:29 Double-Bit Axe
13:31 Wheelbarrow
19:36 Castle Age
18:26 Stone Mining
18:31 Gold Mining
20:40 Heavy Plow
20:52 Bow Saw
21:30 Stone Shaft Mining
22:14 Scale Mail Armor
22:39 Pikeman
23:11 Town Watch
24:03 Chain Mail Armor
25:43 Fervor
25:52 Hand Cart
27:27 Squires
27:12 Arson
27:38 Town Patrol
28:04 Masonry
28:12 Devotion
29:35 Ballistics
33:50 Imperial Age
32:04 Fletching
32:27 Forging
32:25 Scale Barding Armor
35:02 Conscription
35:50 Chemistry
35:03 Masonry
35:32 Crop Rotation
35:56 Husbandry
36:06 Bloodlines
38:07 Onager
Ergoteur
0:27 Loom
11:17 Feudal Age
14:23 Castle Age
15:08 Double-Bit Axe
15:17 Double-Bit Axe
21:09 Wheelbarrow
23:44 Bow Saw
25:40 Gold Mining
25:40 Stone Mining
28:26 Hand Cart
32:09 Imperial Age
30:17 Tusk Swords
32:13 Capped Ram
34:17 Double Crossbow
34:32 Heavy Scorpion
35:57 Gold Shaft Mining
Connection lost

Rejoining the realm…

Still unreachable

The connection could not be restored.

Session expired

The server has moved on; the page needs a fresh start.